 Dungeon Crawl Stone Soup version 0.25-a0-729-g14964f1db5 (webtiles) character file.

Game seed: 10760932673387948117, levelgen mode: deterministic

3363 Brecoman the Protected (level 10, -1/64 HPs)
             Began as a Gargoyle Fighter on Apr 5, 2020.
             Was a Follower of Ashenzari.
             Collided with a rock wall (18 damage)
             ... caused by Erica
             ... on level 8 of the Dungeon on Apr 7, 2020.
             The game lasted 00:36:16 (8174 turns).

Brecoman the Protected (Gargoyle Fighter)           Turns: 8174, Time: 00:36:19

Health: -1/64      AC: 20    Str: 22    XL:     10   Next: 3%
Magic:  10/10      EV:  5    Int: 10    God:    Ashenzari [*.....]
Gold:   350        SH: 11    Dex:  9    Spells: 9/9 levels left

rFire    . . .     SeeInvis .   B - +3 whip
rCold    . . .     Gourm    .   c - +0 kite shield
rNeg     + . .     Faith    .   v - +0 plate armour
rPois    ∞         Spirit   .   (no helmet)
rElec    +         Reflect  .   (no cloak)
rCorr    +         Harm     .   (no gloves)
MR       .....                  (no boots)
Stlth    ..........             x - amulet of the acrobat
HPRegen  0.20/turn              b - ring of resist corrosion
MPRegen  0.12/turn              (no ring)

@: no status effects
A: negative energy resistance 1, electricity resistance, unbreathing,
petrification resistance, rot immunity, AC +7
a: Curse Item, Scrying, Renounce Religion


You were on level 8 of the Dungeon.
You worshipped Ashenzari.
Ashenzari was aware of your devotion.
You were near starving.

You visited 1 branch of the dungeon, and saw 8 of its levels.

You collected 350 gold pieces.

Inventory:

Hand Weapons
 a - a +0 flail
 j - a +0 vampiric dagger
 B - a +3 whip (weapon)
Missiles
 r - 3 curare-tipped darts
 u - 152 stones (quivered)
Armour
 c - a +0 kite shield (worn)
 v - a +0 plate armour (worn)
Jewellery
 b - a ring of resist corrosion (left hand)
 x - an amulet of the acrobat (around neck)
Wands
 d - a wand of acid (2)
 l - a wand of flame (30)
 o - a wand of iceblast (10)
 y - a wand of random effects (8)
Scrolls
 e - a scroll of blinking {unknown}
 h - a scroll of enchant weapon {unknown}
 i - a scroll of immolation {unknown}
 m - 2 scrolls of magic mapping {unknown}
 n - 3 scrolls of teleportation {unknown}
 p - 6 scrolls of identify {unknown}
 s - 3 scrolls of remove curse
 w - a scroll of enchant armour {unknown}
 A - a scroll of amnesia {unknown}
 E - a scroll of fog {unknown}
Potions
 g - 2 potions of degeneration {unknown}
 k - 2 potions of brilliance {unknown}
 q - 2 potions of berserk rage {unknown}
 t - a potion of mutation {unknown}
 z - a potion of ambrosia {unknown}
 C - a potion of lignification {unknown}
 D - 2 potions of heal wounds {unknown}
Comestibles
 f - 16 rations


   Skills:
 + Level 8.3 Fighting
 + Level 7.2 Maces & Flails
 + Level 8.3 Armour
 + Level 8.3 Shields


You had 9 spell levels left.
You didn't know any spells.
Your spell library was empty.

Dungeon Overview and Level Annotations

Branches:
Dungeon (8/15)             Temple (0/1) D:7
   Lair: D:8-11

Altars:
Ashenzari
Cheibriados
Dithmenos
Elyvilon
Fedhas
Gozag
Ru
Trog
Vehumet
Wu Jian
Yredelemnul
Zin

Shops:
D:8 :

Annotations:
D:8 Erica


Innate Abilities, Weirdness & Mutations

You are resistant to torment.
Your stone body is resilient. (AC +7)
You are immune to poison.
You resist negative energy. (rN+)
You are resistant to electric shocks. (rElec)
You can survive without breathing.
You are immune to petrification.
You are immune to rotting.


Message History

A lance of force appears from out of thin air!
The lance of force hits you.
You are knocked back by the lance of force.
You slam into the rock wall!
You closely miss something.
Erica appears from thin air!
Reactivating autopickup.
Erica hits you but does no damage.
You hit Erica.
Erica is heavily wounded.
Erica hits you but does no damage.
You hit Erica.
Erica is severely wounded.
You closely miss Erica.
Erica is severely wounded.
Erica points at you and mumbles some strange words.
The lance of force hits you.
* * * LOW HITPOINT WARNING * * *
You are knocked back by the lance of force.
You slam into the rock wall!
You die...

#.# #.# #.# #.########### #.#
######### #.#.........[
#.#####.......# ###.#..........
#.............###..............
#######........................
#..........................
#........#@#...............
#........#@#...>...........
#........###..###..........
#...###......## ###########
#............# #..........###
#..........# ###........#
#........# #........#


You could see Erica.

Vanquished Creatures
  Pikel (D:4)
  A human (D:4)
  Menkaure (D:5)
  2 orc warriors
  2 sky beasts (D:7)
  4 ogres
  2 centaurs
  A bullfrog (D:7)
  A wyvern skeleton (D:7)
  3 scorpions
  10 killer bees
  5 wights
  A crimson imp (D:5)
  A jelly (D:7)
  A centaur skeleton (D:4)
  2 orc priests
  2 hounds
  2 iguanas (D:6)
  4 orc wizards (D:5)
  7 worker ants
  A mummy (D:7)
  7 gnolls
  13 adders
  2 shadow imps
  An ooze (D:4)
  3 worms
  3 dart slugs
  4 leopard geckos
  14 orcs
  8 giant cockroaches
  6 goblins
  8 hobgoblins
  8 jackals
  7 kobolds
  5 quokkas
  7 bats
  7 frilled lizards
  A jackal skeleton (D:5)
  6 rats
164 creatures vanquished.

Notes
Turn   | Place    | Note
-------+----------+-------------------------------------------
     0 | D:1      | Brecoman the Gargoyle Fighter began the quest for the Orb.
     0 | D:1      | Reached XP level 1. HP: 14/14 MP: 1/1
    90 | D:1      | Reached XP level 2. HP: 12/19 MP: 2/2
   387 | D:1      | Reached XP level 3. HP: 23/23 MP: 3/3
   657 | D:2      | Found a radiant altar of Vehumet.
   670 | D:2      | Found a faded altar of an unknown god.
   846 | D:2      | Found a glowing silver altar of Zin.
   988 | D:2      | Found a blossoming altar of Fedhas.
  1085 | D:2      | Reached XP level 4. HP: 23/29 MP: 4/4
  1578 | D:3      | Found a shattered altar of Ashenzari.
  1692 | D:3      | Reached XP level 5. HP: 29/33 MP: 5/5
  2300 | D:4      | Reached XP level 6. HP: 39/39 MP: 6/6
  2353 | D:4      | Found a runed translucent door.
  2353 | D:4      | Noticed a human
  2360 | D:4      | Found a basalt altar of Yredelemnul.
  2386 | D:4      | Killed a human
  2386 | D:4      | Reached skill level 5 in Fighting
  2386 | D:4      | Reached skill level 5 in Armour
  2386 | D:4      | Reached skill level 5 in Shields
  2429 | D:4      | Reached XP level 7. HP: 37/44 MP: 7/7
  2477 | D:4      | Found a white marble altar of Elyvilon.
  2617 | D:4      | Found an opulent altar of Gozag.
  2831 | D:3      | Became a worshipper of Ashenzari the Shackled
  2860 | D:5      | Entered Level 5 of the Dungeon
  2921 | D:5      | Found a shadowy altar of Dithmenos.
  2979 | D:5      | Noticed Pikel
  3279 | D:4      | Killed Pikel
  3279 | D:4      | Reached XP level 8. HP: 12/51 MP: 8/8
  3524 | D:5      | Found a bloodstained altar of Trog.
  3578 | D:5      | Noticed Menkaure
  3692 | D:5      | Reached skill level 5 in Maces & Flails
  4429 | D:5      | Killed Menkaure
  4640 | D:6      | Found a sacrificial altar of Ru.
  4896 | D:5      | Upgraded the game from 0.25-a0-713-g4845790874 to
                  | 0.25-a0-719-gde951dce62
  5150 | D:6      | Reached XP level 9. HP: 52/56 MP: 9/9
  6444 | D:7      | Found a staircase to the Ecumenical Temple.
  6641 | D:7      | Reached * piety under Ashenzari
  7164 | D:7      | Found an ornate altar of the Wu Jian Council.
  7460 | D:7      | Reached XP level 10. HP: 53/64 MP: 10/10
  7688 | D:7      | Found a snail-covered altar of Cheibriados.
  7689 | D:7      | Upgraded the game from 0.25-a0-719-gde951dce62 to
                  | 0.25-a0-729-g14964f1db5
  8048 | D:8      | Found Qaanisag's Book Shoppe.
  8092 | D:8      | Noticed Erica
  8174 | D:8      | Collided with a rock wall

Levels and vault maps discovered:
D:1:      tarquinn_simple_flora_water_e, layout_rooms
D:2:      layout_loops_cross, lemuel_crystal_altar, zin_statuary,
          vehumet_crystals, first_ration, chequers_ecumenical_altar_simple,
          kennysheep_generic_room_14
D:3:      layout_rooms, nicolae_ashenzari_panopticon
D:4:      layout_rooms, elyvilon_altar_3, kennysheep_little_box,
          dk_yredelemnul_ordeal
D:5:      layout_loops_ring, nicolae_overflow_hidden_temple,
          nicolae_dithmenos_through_a_glass_darkly, uniq_pikel, uniq_menkaure
D:6:      layout_cave_pools, kennysheep_mini
D:7:      layout_basic, marbit_many_paths, slow_altar_2,
          minmay_temple_entry_tees, grunt_ogre_cave
D:8:      layout_basic, lair_entry_dummy, serial_shops, kennysheep_mini_moat,
          uniq_erica

Skill      XL: |  1  2  3  4  5  6  7  8  9 |
---------------+----------------------------+-----
Armour         | 4 5 6 8 |  8.3
Fighting       | 4 5 6 8 |  8.3
Shields        | 4 5 6 8 |  8.3
Maces & Flails | 3 4 5 7 |  7.2

Action                   |  1- 3 |  4- 6 |  7- 9 | 10-12 || total
-------------------------+-------+-------+-------+-------++-------
Melee: Flail             |    64 |   117 |   384 |       ||   565
       Dagger            |   257 |   198 |       |       ||   455
       Whip              |       |       |   203 |    64 ||   267
  Use: Potion            |       |       |     2 |       ||     2
  Eat: Chunk             |     1 |     6 |     7 |       ||    14
       Ration            |       |       |     3 |       ||     3
Armor: Scale mail        |   111 |       |       |       ||   111
       Chain mail        |   108 |   149 |       |       ||   257
       Plate armour      |       |    30 |   339 |    38 ||   407
Dodge: Dodged            |   105 |    66 |   131 |    14 ||   316
Block: Kite shield       |   196 |   126 |   296 |    32 ||   650

Table legend:
 A = Non-vault XP
 B = Vault XP
 C = Vault XP percentage of total XP
 D = Non-vault monster count
 E = Vault monster count
 F = Vault count percentage of total count
                 A         B        C        D         E       F
            +---------+---------+-------+---------+---------+-------
      Total |    3614 |    1191 |  24.8 |     156 |       8 |   4.9
            +---------+---------+-------+---------+---------+-------
        D:1 |      38 |       0 |   0.0 |      22 |       0 |   0.0
        D:2 |      77 |      15 |  16.3 |      28 |       2 |   6.7
        D:3 |      91 |       0 |   0.0 |      13 |       0 |   0.0
        D:4 |     222 |     865 |  79.6 |      15 |       2 |  11.8
        D:5 |     816 |     172 |  17.4 |      35 |       1 |   2.8
        D:6 |    1061 |       0 |   0.0 |      21 |       0 |   0.0
        D:7 |    1176 |     139 |  10.6 |      17 |       3 |  15.0
        D:8 |     133 |       0 |   0.0 |       5 |       0 |   0.0
            +---------+---------+-------+---------+---------+-------
